 Dungeon Crawl Stone Soup version 0.21-a0-536-gdbbf329 (webtiles) character file.

114 Spazmo the Magician (level 4, 0/24 HPs)
             Began as a Deep Elf Fire Elementalist on Dec 14, 2017.
             Slain by a gnoll
             ... wielding a +0 flail
              (9 damage)
             ... on level 2 of the Dungeon.
             The game lasted 00:04:07 (1790 turns).

Spazmo the Magician (Deep Elf Fire Elementalist)    Turns: 1790, Time: 00:04:07

Health: 0/24       AC:  4    Str:  5    XL:     4   Next: 66%
Magic:  5/12       EV: 13    Int: 21    God:
Gold:   100        SH:  0    Dex: 15    Spells: 8/11 levels left

rFire    . . .     SeeInvis .   k - +4 short sword (drain)
rCold    . . .     Gourm    .   (no shield)
rNeg     . . .     Faith    .   a - +0 robe
rPois    .         Spirit   .   e - +0 helmet
rElec    .         Reflect  .   (no cloak)
rCorr    .         Harm     .   (no gloves)
MR       .....                  f - +0 pair of boots
Stlth    ++........             (no amulet)
HPRegen  0.08/turn              (no ring)
MPRegen  0.13/turn              (no ring)

@: very slightly contaminated
A: no striking features
a: no special abilities


You were on level 2 of the Dungeon.
You were not hungry.

You visited 1 branch of the dungeon, and saw 2 of its levels.

You collected 100 gold pieces.

Inventory:

Hand Weapons
 k - a +4 short sword of draining (weapon)
Missiles
 g - 59 stones (quivered)
 p - 9 poisoned needles
Armour
 a - a +0 robe (worn)
 e - a +0 helmet (worn)
 f - a +0 pair of boots (worn)
Scrolls
 h - 3 scrolls of identify {unknown}
 i - a scroll of remove curse
 m - a scroll of blinking {unknown}
Potions
 l - a potion of invisibility {unknown}
 n - 2 potions of ambrosia {unknown}
 o - a potion of might {unknown}
Books
 b - a book of Flames

   Spells                             Type                      Level
   a - Flame Tongue                   Conjuration/Fire             1
   b - Throw Flame                    Conjuration/Fire             2
   c - Conjure Flame                  Conjuration/Fire             3
   d - Inner Flame                    Hexes/Fire                   3
   e - Sticky Flame                   Conjuration/Fire             4
   f - Fireball                       Conjuration/Fire             5
Comestibles
 c - a bread ration
 j - a royal jelly


   Skills:
 - Level 3.0 Dodging
 - Level 3.1 Stealth
 + Level 4.2 Spellcasting
 + Level 2.6 Conjurations
 + Level 4.1 Fire Magic


You had 8 spell levels left.
You knew the following spells:

 Your Spells              Type           Power        Failure   Level  Hunger
a - Flame Tongue          Conj/Fire      ###..        3%          1    None
b - Throw Flame           Conj/Fire      ###...       4%          2    #......


Dungeon Overview and Level Annotations

Branches:
Dungeon (2/15)

Altars:
Cheibriados


Message History

You miscast Flame Tongue.
You are very lightly contaminated with residual magic.
Nothing appears to happen.
Casting: Flame Tongue
Confirm with . or Enter, or press ? or * to list all spells.
Aiming: Flame Tongue
Press: ? - help, Shift-Dir - straight line, f/p - gnoll
Aim: a gnoll, wielding a flail (lightly wounded)
The flame tongue hits the gnoll.
The gnoll is lightly wounded.
The gnoll hits you from afar with a halberd!
Casting: Flame Tongue
Confirm with . or Enter, or press ? or * to list all spells.
Aiming: Flame Tongue
Press: ? - help, Shift-Dir - straight line, f/p - gnoll
Aim: a gnoll, wielding a flail (lightly wounded)
The flame tongue hits the gnoll.
The gnoll is moderately wounded.
The gnoll barely misses you. The gnoll hits you with a flail!
You die...

#.. #.. #...
#... #...#
#..)g
#...g####
#...g@..##
#...###.†##
### #.#
##..# #.# #
##.# #.#
#.### #.#
#...### #.#
###...####.#
###...##.##
###.....#


You could see 3 gnolls.

Vanquished Creatures
  A scorpion (D:2)
  A gnoll (D:2)
  2 dart slugs
  A leopard gecko (D:1)
  2 giant cockroaches (D:2)
  9 goblins
  8 hobgoblins
  3 jackals (D:2)
  2 ball pythons
  5 bats
  A frilled lizard (D:1)
  6 kobolds
  4 rats
45 creatures vanquished.

Notes
Turn   | Place    | Note
-------+----------+-------------------------------------------
     0 | D:1      | Spazmo the Deep Elf Fire Elementalist began the quest for the Orb.
     0 | D:1      | Reached XP level 1. HP: 10/10 MP: 6/6
   393 | D:1      | Reached XP level 2. HP: 15/15 MP: 5/8
   397 | D:1      | Learned a level 2 spell: Throw Flame
  1226 | D:2      | Reached XP level 3. HP: 19/19 MP: 3/9
  1492 | D:2      | Noticed a scorpion
  1505 | D:2      | Killed a scorpion
  1505 | D:2      | Reached XP level 4. HP: 16/24 MP: 1/12
  1593 | D:2      | Found a snail-covered altar of Cheibriados.
  1790 | D:2      | Slain by a gnoll

Vault maps used:
D:1:      minmay_arrival_doors, serial_forest, infiniplex_forest_clump_diagonal,
          infiniplex_forest_clump_small, infiniplex_forest_split,
          infiniplex_forest_3_way, infiniplex_forest_end_1
D:2:      old_standard_altar, grunt_qazlal_sundering

Skill      XL: |  1  2  3 |
---------------+----------+-----
Stealth        | 3 |  3.1
Dodging        | 3 |  3.0
Spellcasting   | 4 |  4.2
Conjurations   | 2 |  2.6
Fire Magic     | 4 |  4.1

Action                   |  1- 3 |  4- 6 || total
-------------------------+-------+-------++-------
Melee: Short sword       |     8 |       ||     8
 Cast: Flame Tongue      |    63 |    14 ||    77
       Throw Flame       |     2 |     1 ||     3
  Use: Scroll            |     1 |       ||     1
       Potion            |     1 |       ||     1
  Eat: Chunk             |     2 |     1 ||     3
Armor: Robe              |     3 |       ||     3
Dodge: Dodged            |    16 |     1 ||    17

Table legend:
 A = Spawn XP
 B = Non-spawn XP
 C = Spawn XP percentage of total XP
 D = Spawn monster count
 E = Non-spawn monster count
 F = Spawn count percentage of total count
 G = Total turns spent on level
                    A         B        C        D         E        F      G
               +---------+---------+-------+---------+---------+-------+---------
         Total |       0 |     163 |   0.0 |       0 |      45 |   0.0 |  1790
               +---------+---------+-------+---------+---------+-------+---------
           D:1 |       0 |      34 |   0.0 |       0 |      19 |   0.0 |  1218
           D:2 |       0 |     129 |   0.0 |       0 |      26 |   0.0 |   572
               +---------+---------+-------+---------+---------+-------+---------
